 Dungeon Crawl Stone Soup version 0.30.1-11-g7821555f0a (webtiles) character file.

Game seed: 13754380264004085803

2237 Psyclone the Destroyer (level 9, -1/45 HPs)
             Began as a Deep Elf Conjurer on Nov 6, 2023.
             Was an Initiate of Gozag.
             Slain by a water moccasin (7 damage)
             ... on level 7 of the Dungeon.
             The game lasted 00:15:03 (7208 turns).

Psyclone the Destroyer (Deep Elf Conjurer)          Turns: 7208, Time: 00:15:04

Health: -1/45      AC:  6    Str:  4    XL:     9   Next: 14%
Magic:  14/24      EV: 12    Int: 34    God:    Gozag
Gold:   224        SH:  4    Dex: 13    Spells: 16/27 levels left

rFire   . . .        c - +1 dagger (venom)
rCold   . . .        (no shield)
rNeg    . . .        a - +1 robe
rPois   .            (helmet restricted)
rElec   .            A - +0 cloak
rCorr   .            (no gloves)
SInv    .            C - +1 pair of boots {Stlth+}
Will    .....        (no amulet)
Stlth   +++          y - +6 ring of intelligence
HPRegen 0.27/turn    (no ring)
MPRegen 0.19/turn

%: no passive effects
@: lethally poisoned (-1 -> -23), gold aura, unable to read
A: antennae 1, large bone plates 1, evolution 1, inability to drink after injury
1, inability to read after injury 2
a: Renounce Religion, Potion Petition, Call Merchant, Bribe Branch


You were on level 7 of the Dungeon.
You worshipped Gozag.
Gozag was aware of your devotion.
You visited 2 branches of the dungeon, and saw 8 of its levels.
You also visited: Ossuary.

You collected 907 gold pieces.
You spent 237 gold pieces at shops.
You paid 446 gold pieces to Gozag.

Inventory:

Hand Weapons
 c - a +1 dagger of venom (weapon)
Armour
 a - a +1 robe (worn)
 x - a +0 helmet
 A - a +0 cloak (worn)
 C - a +1 pair of boots of stealth (worn)
Jewellery
 j - an amulet of regeneration
 y - a +6 ring of intelligence (left hand)
Wands
 w - a wand of flame (40)
Scrolls
 d - 2 scrolls of poison
 e - 6 scrolls of teleportation
 f - a scroll of blinking
 g - 2 scrolls of enchant weapon {unknown}
 h - a scroll of torment
 k - a scroll of enchant armour
 l - 2 scrolls of identify {@r1}
 q - 2 scrolls of immolation
 r - 4 scrolls of noise
Potions
 b - 2 potions of magic
 m - a potion of berserk rage
 n - 2 potions of heal wounds {unknown}
 o - 3 potions of lignification
 p - 2 potions of flight {unknown}
 s - a potion of invisibility {unknown}
 t - 2 potions of brilliance {unknown}
 u - 2 potions of curing {unknown}
 v - a potion of resistance {unknown}
 z - a potion of haste


   Skills:
 - Level 2.4 Dodging
 - Level 2.4 Stealth
 + Level 9.6 Spellcasting
 * Level 11.7 Conjurations


You had 16 spell levels left.
You knew the following spells:

 Your Spells              Type           Power      Damage    Failure   Level
a - Magic Dart            Conj           100%       1d8       1%          1
b - Searing Ray           Conj           100%       2d8       1%          2
d - Fulminant Prism       Conj/Hex       27%        3d13      2%          4
e - Iskenderun's Mystic   Conj/Tloc      54%        2d12      2%          4

Your spell library contained the following spells:

 Spells                   Type           Power      Damage    Failure   Level
 Dazzling Flash           Conj/Hex       100%       N/A       1%          3
 Iskenderun's Battlesphe  Conj           77%        2d13      1%          5
 Summon Small Mammal      Summ           64%        N/A       2%          1
 Cigotuvi's Dreadful Rot  Necr/Pois/Air  32%        N/A       4%          2
 Arcjolt                  Conj/Air       27%        1d37      7%          5
 Call Canine Familiar     Summ           16%        N/A       9%          3
 Ignite Poison            Fire/Tmut/Pois 16%        N/A       9%          3
 Summon Guardian Golem    Hex/Summ       16%        N/A       9%          3
 Vhi's Electric Charge    Tloc/Air       32%        N/A       9%          3
 Freezing Cloud           Conj/Ice/Air   21%        6-21      16%         5
 Iron Shot                Conj/Erth      27%        9d6       36%         6
 Spellforged Servitor     Conj/Summ      27%        N/A       91%         7
 Plasma Beam              Fire/Air       8%         2x1d20    99%         6
 Haunt                    Necr/Summ      8%         N/A       100%        7
 Infestation              Necr           8%         N/A       100%        8
 Animate Dead             Necr           Unusable   N/A       N/A         4

Dungeon Overview and Level Annotations

Branches:
Dungeon (7/15) Zot: 26821  Temple (1/1) D:4 Zot: 5944 Ossuary (visited)

Altars:
Ashenzari
Dithmenos
Elyvilon
Gozag
Hepliaklqana
Kikubaaqudgha
Makhleb
Nemelex Xobeh
Okawaru
Ru
Sif Muna
Trog
Xom
Yredelemnul
Zin
The Shining One

Shops:
D:4 [   D:6 [

Annotations:
D:4 1 runed translucent door, booth's ghost, amateur DsMo
Temple 2 transporters


Innate Abilities, Weirdness & Mutations

You have a pair of small antennae on your head.
You are partially covered in large bone plates. (SH +4)
You have hidden genetic potential.
You occasionally lose the ability to drink potions when taking damage.
You sometimes lose the ability to read scrolls when taking damage.


Message History

You feel very sick. The water moccasin bites you.
You are more poisoned.
The water moccasin poisons you!
The gnoll sergeant hits you from afar with a +0 spear.
You take 4 damage, and have 33/45 hp.
The searing ray hits the water moccasin.
The water moccasin is heavily wounded.
The searing ray hits the gnoll sergeant.
The gnoll sergeant is almost dead.
You finish channelling your searing ray.
You feel very sick. The water moccasin bites you.
You feel threatened and lose the ability to read scrolls!
You are lethally poisoned!
The water moccasin poisons you!
The gnoll sergeant hits you from afar with a +0 spear.
You take 14 damage, and have 19/45 hp.
MASSIVE DAMAGE!!
You now have 17/24 mp.
Casting: Searing Ray (safe; 1% risk of failure)
Confirm with . or Enter, or press ? or * to list all spells.
Aiming: Searing Ray (safe; 1% risk of failure)
Press: ? - help, Shift-Dir - straight line, f/p - gnoll sergeant
Aim: a gnoll sergeant, wielding a +0 spear and wearing a +0 ring mail (almost dead, 87% to hit)
The searing ray hits the water moccasin!
The water moccasin is almost dead.
The searing ray hits the gnoll sergeant!
You kill the gnoll sergeant! (Press . to maintain the ray.)
* * * LOW HITPOINT WARNING * * *
You feel extremely sick.
The water moccasin is distracted by your dazzling golden aura.
You take 8 damage, and have 11/45 hp.
You now have 15/24 mp.
The searing ray misses the water moccasin.
* * * LOW HITPOINT WARNING * * *
You feel very sick.
The water moccasin hisses angrily.
The water moccasin is no longer distracted by gold.
The water moccasin bites you!
You die...
Your body crumbles into a pile of gold.

.......# ##≈#≈#≈#..≈#
.<....## ##≈#.#≈#...#≈#
......# ##≈#...#...#≈##
......# ##≈#...#...#≈##
......# #≈#...#≈#.#≈##
......# #≈#.#≈#≈#.#≈#
......# ##≈#.#≈#...#≈#
......# ##≈#.$S#...#≈##
......####≈#...#@..#≈##
.####....≈#...#≈#.#≈##
. #......≈..#≈#≈#≈##
........≈#≈###≈##
........g≈## ##
.........g# .......$..#
..........# .......?.##


You could see a water moccasin and 2 gnolls.

Vanquished Creatures
  Sigmund (D:4)
  A steam dragon (D:6)
  Menkaure (D:6)
  Edmund (D:4)
  3 water moccasins
  3 black bears (D:6)
  2 ice beasts
  A gnoll sergeant (D:7)
  2 scorpions
  A howler monkey (D:6)
  3 jellies
  3 hounds
  An orc priest (D:5)
  Crazy Yiuf (D:6)
  3 iguanas
  An orc wizard (D:6)
  A sleepcap (D:5)
  8 mummies (Ossuary)
  Robin (D:2)
  7 gnolls
  5 adders
  4 worms (D:5)
  4 dart slugs
  8 orcs
  7 ball pythons
  8 endoplasms (D:1)
  7 giant cockroaches
  16 goblins
  9 hobgoblins
  7 kobolds
  4 quokkas
  6 bats
  2 frilled lizards
  A gnoll zombie (Ossuary)
  4 hobgoblin zombies (Ossuary)
  3 orc zombies (Ossuary)
  5 rats
145 creatures vanquished.

Vanquished Creatures (others)
  A fulminant prism (D:5)
1 creature vanquished.

Grand Total: 146 creatures vanquished

Notes
Turn   | Place    | Note
-------+----------+-------------------------------------------
     0 | D:1      | Psyclone the Deep Elf Conjurer began the quest for the Orb.
     0 | D:1      | Reached XP level 1. HP: 10/10 MP: 6/6
   177 | D:1      | Reached XP level 2. HP: 15/15 MP: 6/8
   343 | D:1      | Reached skill level 5 in Conjurations
   541 | D:1      | Reached XP level 3. HP: 19/19 MP: 1/10
  1011 | D:2      | Noticed Robin
  1029 | D:2      | Learned a level 2 spell: Searing Ray
  1033 | D:2      | Killed Robin
  1054 | D:2      | Reached XP level 4. HP: 6/24 MP: 2/12
  1991 | D:3      | Reached skill level 6 in Conjurations
  2117 | D:3      | Learned a level 4 spell: Fulminant Prism
  2122 | D:3      | Learned a level 4 spell: Iskenderun's Mystic Blast
  2768 | D:4      | Noticed Sigmund
  2781 | D:4      | Killed Sigmund
  2782 | D:4      | Reached skill level 5 in Spellcasting
  2782 | D:4      | Reached skill level 7 in Conjurations
  2782 | D:4      | Reached XP level 5. HP: 24/28 MP: 2/14
  2782 | D:4      | Reached XP level 6. HP: 27/32 MP: 2/16
  3177 | D:4      | Found Wogruk's Antique Armour Emporium.
  3209 | D:4      | Found a staircase to the Ecumenical Temple.
  3225 | Temple   | Entered the Ecumenical Temple
  3225 | Temple   | Found a transporter.
  3225 | Temple   | Found a transporter.
  3227 | Temple   | Found a transporter.
  3227 | Temple   | Found a transporter.
  3267 | Temple   | Became a worshipper of Gozag Ym Sagoz the Greedy
  3360 | D:4      | Found a runed translucent door.
  3361 | D:4      | Noticed booth's ghost (amateur DsMo)
  3706 | D:4      | Noticed Edmund
  3712 | D:4      | Killed Edmund
  3713 | D:4      | Reached skill level 8 in Conjurations
  3713 | D:4      | Reached XP level 7. HP: 29/36 MP: 9/18
  4044 | D:5      | Entered Level 5 of the Dungeon
  4234 | D:5      | Found a sand-covered staircase.
  4253 | Ossuary  | Entered an ossuary
  4670 | Ossuary  | Reached skill level 9 in Conjurations
  4828 | Ossuary  | Gained mutation: You occasionally shout uncontrollably at
                  | your foes. [potion of mutation]
  4828 | Ossuary  | Gained mutation: You have sharp toenails. [potion of
                  | mutation]
  4859 | Ossuary  | Lost mutation: You occasionally shout uncontrollably at
                  | your foes. [potion of mutation]
  4859 | Ossuary  | Lost mutation: You have sharp toenails. [potion of
                  | mutation]
  4859 | Ossuary  | Gained mutation: Armour fits poorly on your strangely
                  | shaped body. [potion of mutation]
  4859 | Ossuary  | Gained mutation: You sometimes lose your temper in combat.
                  | [potion of mutation]
  4859 | Ossuary  | Gained mutation: You are weak. (Str -2) [potion of
                  | mutation]
  4860 | Ossuary  | Lost mutation: You are weak. (Str -2) [potion of mutation]
  4860 | Ossuary  | Lost mutation: Armour fits poorly on your strangely shaped
                  | body. [potion of mutation]
  4860 | Ossuary  | Gained mutation: You are vulnerable to heat. (rF-) [potion
                  | of mutation]
  4860 | Ossuary  | Gained mutation: You occasionally lose the ability to read
                  | scrolls when taking damage. [potion of mutation]
  4860 | Ossuary  | Gained mutation: You have a pair of small horns on your
                  | head. [potion of mutation]
  4861 | Ossuary  | Lost mutation: You sometimes lose your temper in combat.
                  | [potion of mutation]
  4861 | Ossuary  | Lost mutation: You are vulnerable to heat. (rF-) [potion of
                  | mutation]
  4861 | Ossuary  | Lost mutation: You have a pair of small horns on your head.
                  | [potion of mutation]
  4861 | Ossuary  | Gained mutation: You occasionally lose the ability to drink
                  | potions when taking damage. [potion of mutation]
  4861 | Ossuary  | Gained mutation: You have hidden genetic potential. [potion
                  | of mutation]
  4861 | Ossuary  | Gained mutation: You sometimes lose the ability to read
                  | scrolls when taking damage. [potion of mutation]
  4861 | Ossuary  | Gained mutation: You have a pair of small antennae on your
                  | head. [potion of mutation]
  5163 | D:5      | Reached XP level 8. HP: 41/41 MP: 12/21
  5366 | D:5      | Identified the +3 long sword of Favvo {vamp, MP+9 Str-4
                  | Dex+4}
  5495 | D:6      | Found a basalt altar of Yredelemnul.
  5602 | D:6      | Reached skill level 10 in Conjurations
  5746 | D:6      | Gained mutation: You are partially covered in large bone
                  | plates. (SH +4) [hidden potential]
  5783 | D:6      | Found a bloodstained altar of Trog.
  6237 | D:6      | Reached skill level 11 in Conjurations
  6336 | D:6      | Noticed Menkaure
  6339 | D:6      | Killed Menkaure
  6501 | D:6      | Found a runed translucent door.
  6502 | D:6      | Noticed Crazy Yiuf
  6662 | D:6      | Reached XP level 9. HP: 43/45 MP: 16/24
  6716 | D:6      | Found a hazy altar of Hepliaklqana.
  6829 | D:6      | Killed Crazy Yiuf
  7012 | D:6      | Bought a fabulously ornate robe for 102 gold pieces
  7012 | D:6      | Identified the +2 robe of the Lost Path {Harm +Inv rPois
                  | rF-} (You bought it in a shop on level 6 of the Dungeon)
  7012 | D:6      | Bought a pair of runed boots for 135 gold pieces
  7208 | D:7      | Slain by a water moccasin

Illustrated notes

Levels and vault maps discovered:
D:1:      lemuel_arrival_cross, layout_rooms
D:2:      wander_river, layout_loops_ring, uniq_robin
D:3:      layout_rooms
D:4:      layout_basic, minmay_temple_entry_trees, serial_shops,
          nicolae_inconvenience_store, gammafunk_ghost_grave,
          grunt_ministairs_6, uniq_sigmund, uniq_edmund
D:5:      layout_basic, lightli_ossuary_entry_decrepit_ruins
D:6:      layout_loops_cross, worldfamousw_hep_ancestral_shrine,
          trog_ov_bears_minmay, lemuel_doored_altar, abandoned_shop,
          uniq_crazy_yiuf_cottage, uniq_menkaure
D:7:      layout_rooms, nicolae_water_bricks, kb_lookout_dungeons_type
Temple:   hellmonk_temple_divided_pantheon

Skill      XL: |  1  2  3  4  5  6  7  8 |
---------------+-------------------------+-----
Conjurations   | 5 7 8 9 11 | 11.7
Spellcasting   | 4 5 6 7 9 |  9.6
Dodging        | |  2.4
Stealth        | |  2.4

Action                     |  1- 3 |  4- 6 |  7- 9 || total
---------------------------+-------+-------+-------++-------
  Melee: Dagger            |    12 |     3 |    27 ||    42
         Punch             |       |       |     2 ||     2
   Cast: Magic Dart        |    70 |    66 |    69 ||   205
         Searing Ray       |     2 |    12 |    44 ||    58
         Fulminant Prism   |       |       |     1 ||     1
 Invoke: Call Merchant     |       |       |     1 ||     1
    Use: Scroll            |     2 |     9 |       ||    11
         Potion            |     1 |     2 |     5 ||     8
   Stab: Sleeping          |       |     2 |       ||     2
 Armour: Robe              |     3 |     3 |    13 ||    19
  Dodge: Dodged            |     6 |     8 |    28 ||    42
  Block: Other             |       |       |     2 ||     2
